 Dungeon Crawl Stone Soup version 0.30-a0-965-g42e074c17a (webtiles) character file.

Game seed: 16677364619588781687

21 bearlyready the Chopper (level 2, -4/26 HPs)
             Began as an Armataur Berserker on Mar 31, 2023.
             Was a Follower of Trog.
             Slain by a gnoll
             ... wielding a +0 spear
              (5 damage)
             ... on level 2 of the Dungeon.
             The game lasted 00:00:23 (199 turns).

bearlyready the Chopper (Armataur Berserker)         Turns: 199, Time: 00:00:24

Health: -4/26      AC:  4    Str: 22    XL:     2   Next: 62%
Magic:  2/2        EV:  9    Int:  7    God:    Trog [*.....]
Gold:   12         SH:  0    Dex:  9    Spells: 1/1 levels left

rFire   . . .      SeeInvis .    a - +0 hand axe
rCold   . . .      Faith    .    (no shield)
rNeg    . . .      Spirit   .    b - +0 animal skin
rPois   .          Reflect  .    (no helmet)
rElec   .          Roll     +    (no cloak)
rCorr   .                        (no gloves)
Will    .....                    (no barding)
Stlth   +                        (no amulet)
HPRegen 0.24/turn                (no ring)
MPRegen 0.08/turn                (no ring)

@: on berserk cooldown, slowed, very slow
A: large, rugged brown scales 3, deformed body, armoured tail, roll, long
tongue, awkward tongue
a: Renounce Religion, Berserk


You were on level 2 of the Dungeon.
You worshipped Trog.
Trog was aware of your devotion.
You visited 1 branch of the dungeon, and saw 2 of its levels.

You collected 12 gold pieces.

Inventory:

Hand Weapons
 a - a +0 hand axe (weapon)
Missiles
 c - 5 stones (quivered)
Armour
 b - a +0 animal skin (worn)
Scrolls
 d - a scroll of fog {unknown}
 e - a scroll of poison {unknown}
 f - a scroll of teleportation {unknown}


   Skills:
 - Level 2.6 Fighting
 + Level 3.3 Axes
 - Level 2.4 Armour
 - Level 1.3 Dodging


You had one spell level left.
You didn't know any spells.
Your spell library was empty.

Dungeon Overview and Level Annotations

Branches:
Dungeon (1/15)

Altars:


Innate Abilities, Weirdness & Mutations

You are completely covered in rugged brown scales. (AC +3, +7% HP)
Armour fits poorly on your strangely shaped body.
You have a long armoured tail.
You roll when moving toward enemies. (Rampage)
Your long tongue fully drains potion bottles. (2x potion effects)
Your tongue gives you trouble enunciating. (1.5x scroll delay)


Message History

The giant cockroach bites you but does no damage.
You closely miss the giant cockroach.
The gnoll hits you from afar with a +0 spear.
The giant cockroach bites you but does no damage.
The gnoll hits you with a +0 whip. The gnoll closely misses you.
The giant cockroach bites you.
You are too injured to fight recklessly!
You are too injured to fight recklessly!
You are too injured to fight recklessly!
You are too injured to fight recklessly!
You are too injured to fight recklessly!
You are too injured to fight recklessly!
You are too injured to fight recklessly!
You are too injured to fight recklessly!
You are too injured to fight recklessly!
You are too injured to fight recklessly!
You are too injured to fight recklessly!
You are too injured to fight recklessly!
You are too injured to fight recklessly!
You're still recovering from your berserk rage.
You hit the giant cockroach.
The giant cockroach is severely wounded.
You barely miss the gnoll. The giant cockroach misses you.
The gnoll barely misses you. The gnoll hits you with a +0 whip.
The gnoll hits you but does no damage. The gnoll closely misses you.
The giant cockroach bites you.
You're still recovering from your berserk rage.
You completely miss the giant cockroach.
The giant cockroach is severely wounded.
You barely miss the ball python. You closely miss the gnoll.
The ball python bites you but does no damage.
The giant cockroach barely misses you.
The gnoll hits you from afar with a +0 spear.
* * * LOW HITPOINT WARNING * * *
The gnoll hits you with a +0 whip.
* * * LOW HITPOINT WARNING * * *
The ball python bites you but does no damage.
The giant cockroach barely misses you.
The gnoll hits you from afar with a +0 spear.
You die...

#.##.#..#
#.......#
#.#.###.#
#.#)###.#
#.......#
.########.#####
......###.####
.....gg#.....####.
.....gB@..........
.......#S....####.
......##...(.#
.##### #.....#
#.#...# #.....#
###.#... #.#.##


You could see 3 gnolls, a giant cockroach and a ball python.

Vanquished Creatures
  A gnoll (D:2)
  An adder (D:2)
  A hobgoblin (D:1)
  A rat (D:2)
4 creatures vanquished.

Notes
Turn   | Place    | Note
-------+----------+-------------------------------------------
     0 | D:1      | bearlyready the Armataur Berserker began the quest for the
                  | Orb.
     0 | D:1      | Reached XP level 1. HP: 19/19 MP: 1/1
    47 | D:1      | You fall into a shaft and drop 1 floor!
    81 | D:2      | Reached skill level 3 in Axes
    81 | D:2      | Reached XP level 2. HP: 15/26 MP: 2/2
   199 | D:2      | HP: 1/26 [gnoll/+0 whip (4)]
   199 | D:2      | Slain by a gnoll

Illustrated notes

Levels and vault maps discovered:
D:1:      dpeg_arrival_fog, layout_rooms
D:2:      layout_loops_cross

Skill      XL: |  1 |
---------------+----+-----
Axes           | 3 |  3.3
Fighting       | |  2.6
Armour         | |  2.4
Dodging        | |  1.3

Action                     || total
---------------------------++-------
  Melee: Hand axe          ||    18
         Tailslap          ||     3
         Punch             ||     1
 Invoke: Berserk           ||     1
 Armour: Animal skin       ||     9
  Dodge: Dodged            ||    16

Table legend: (Time is in decaauts)
 A = Elapsed time spent in this place.
 B = Non-inter-level travel time spent in this place.
 C = Inter-level travel time spent in this place.
 D = Time resting spent in this place.
 E = Time spent auto-exploring this place.
 F = Levels seen in this place.
 G = Mean time per level.
                   A        B        C        D        E       F      G
               +--------+--------+--------+--------+--------+-----+--------+
         Total |    203 |    203 |      0 |      1 |    151 |   2 |  101.5 |
       Dungeon |    203 |    203 |      0 |      1 |    151 |   2 |  101.5 |
               +--------+--------+--------+--------+--------+-----+--------+

Top non-repeatable levels by time:
     D:2: 156 daAuts
     D:1: 47 daAuts
